Map: Orbital Shipyard

Players

RedFarfura - Winner!

  • Race: Terran Terran
  • League: Silver

juhyg

  • Race: Zerg Zerg
  • League: Silver

VOD

Have the link to the VOD?

Description

Time

  • Played on: Feb. 8, 2016, 12:19 a.m.
  • Length: 4:57
Show
View Real Time Build Order
Export as new Build Order

RedFarfura Terran - Winner!

Build Orders:  

Get SALT Encoding   

  12  0:01  SCV  
  13  0:17  SCV  
  14  0:23  Supply Depot  
  14  0:29  SCV  
  15  0:44  SCV  
  15  0:48  Barracks  
  16  0:54  Barracks  
  16  0:57  SCV  
  17  1:10  Barracks  
  17  1:11  SCV  
  18  1:23  SCV  
  19  1:29  Barracks  
  19  1:35  SCV  
  20  1:41  Supply Depot  
  20  1:44  Marine  
  20  1:45  Marine  
  23  2:01  Marine  
  23  2:02  Marine x2  
  24  2:18  Marine  
  24  2:20  Marine x2  
  27  2:26  Supply Depot  
  27  2:30  SCV  
  27  2:36  Marine  
  29  2:37  Marine  
  29  2:38  Marine  
  31  2:47  Marine  
  33  2:54  Marine  
  33  2:55  Marine  
  33  2:56  Marine  
  35  3:05  Marine  
  35  3:12  Marine x2  
  36  3:14  Marine  
  38  3:23  Marine  
  38  3:24  Supply Depot  
  39  3:36  Bunker  
  39  3:45  Marine x4  
  43  4:03  Marine x4  
  47  4:15  Bunker  
  47  4:28  Marine  
  47  4:37  Supply Depot  
  47  4:41  Supply Depot  
  47  4:56  Command Center  
Show
View Real Time Build Order
Export as new Build Order

juhyg Zerg 

Build Orders: Pool First 

Get SALT Encoding   

  12  0:20  Spawning Pool  
  11  0:22  Drone  
  11  0:26  Drone  
  13  0:31  Drone  
  14  0:40  Overlord  
  14  1:01  Drone x2  
  16  1:07  Queen  
  16  1:09  Zergling x2  
  19  1:19  Overlord  
  19  1:30  Zergling x2  
  20  1:38  Zergling x2  
  21  1:48  Zergling x2  
  22  1:58  Extractor  
  21  2:01  Zergling x2  
  21  2:28  Drone  
  21  2:29  Drone x3  
  25  2:38  Zergling x2  
  26  2:56  Zergling x8  
  30  3:23  Overlord x3  
  30  3:29  Metabolic Boost  
  29  3:53  Zergling x6  
  26  4:11  Zergling x2  
  26  4:12  Zergling x4  
  29  4:49  Hatchery  
Tags
 
Add a new tag
Caveats
  • Supply blocks, unpowered buildings, or Contaminate may cause inaccurate times.
  • Supply counts are checked every 10 seconds.